 Dungeon Crawl Stone Soup version 0.31.0-12-g77e489cdc1 (webtiles) character file.

Game seed: 14800708405210661234

2484 ezpacito the Trooper (level 9, -1/69 HPs)
             Began as a Demonspawn Berserker on Feb 15, 2024.
             Was an Elder of Trog.
             Slain by a manticore (20 damage)
             ... on level 7 of the Dungeon.
             The game lasted 00:07:39 (4601 turns).

ezpacito the Trooper (Demonspawn Berserker)         Turns: 4601, Time: 00:07:40

Health: -1/69      AC:  8    Str: 20    XL:     9   Next: 27%
Magic:  0/9        EV: 13    Int:  8    God:    Trog [****..]
Gold:   466        SH:  0    Dex: 14    Spells: 8/8 levels left

rFire   . . .        g - +0 war axe
rCold   + + .        (no shield)
rNeg    . . .        w - +0 ring mail "Riefitza" {-Cast rC++}
rPois   +            (no helmet)
rElec   .            b - scarf {harm}
rCorr   .            (no gloves)
SInv    +            B - +0 pair of boots
Will    +++..        C - amulet of guardian spirit
Stlth   ++           p - ring of willpower
HPRegen 1.31/turn    u - ring of poison resistance
MPRegen 0.11/turn

%: no spellcasting, harm (+30% outgoing, +20% incoming), guardian spirit
@: strong-willed, regenerating, studying Short Blades
A: ignite blood 2, spiny 1, weakness stinger 2, demonic touch 1, see invisible,
shaggy fur 1, subdued magic 1
a: Renounce Religion, Berserk, Trog's Hand, Brothers in Arms


You were on level 7 of the Dungeon.
You worshipped Trog.
Trog was greatly pleased with you.
You visited 2 branches of the dungeon, and saw 8 of its levels.

You collected 466 gold pieces.

Inventory:

Hand Weapons
 g - a +0 war axe (weapon)
 A - a +2 whip of distortion
Missiles
 c - 4 poisoned darts
 e - 68 stones (quivered)
 t - 4 boomerangs
Armour
 b - a scarf of harm (worn)
 o - a +1 scale mail of cold resistance
 w - the +0 ring mail "Riefitza" (worn) {-Cast rC++}
   (You found it on level 4 of the Dungeon)

   rC++:      It greatly protects you from cold.
   -Cast:     It prevents spellcasting.
 B - a +0 pair of boots (worn)
Jewellery
 p - a ring of willpower (left hand)
 u - a ring of poison resistance (right hand)
 x - a ring of protection from cold
 y - a +6 ring of dexterity
 z - a ring of protection from cold
 C - an amulet of guardian spirit (around neck)
Talismans
 m - a flux talisman
Wands
 D - a wand of flame (49)
Scrolls
 d - a scroll of teleportation
 f - a scroll of enchant weapon
 i - a scroll of fear
 k - a scroll of poison
 n - a scroll of silence
 s - 2 scrolls of enchant armour
Potions
 a - a potion of resistance {unknown}
 h - a potion of magic
 j - a potion of degeneration {unknown}
 l - 2 potions of enlightenment {unknown}
 q - a potion of curing
 r - a potion of mutation
 v - a potion of heal wounds {unknown}


   Skills:
 * Level 5.9 Fighting
 * Level 5.9 Short Blades
 + Level 4.3 Axes
 * Level 4.7 Armour
 * Level 4.9 Dodging
 + Level 3.3 Stealth
 * Level 4.2 Unarmed Combat
 * Level 2.0 Evocations
 + Level 0.9 Shapeshifting


You had 8 spell levels left.
You didn't know any spells.
Your spell library was empty.

Dungeon Overview and Level Annotations

Branches:
Dungeon (7/15)             Temple (1/1) D:4

Altars:
Ashenzari
Cheibriados
Dithmenos
Gozag
Hepliaklqana
Makhleb
Nemelex Xobeh
Ru
Sif Muna
Trog
Uskayaw
Vehumet

Shops:
D:1 =[   D:3 [

Annotations:
D:7 1 transporter


Innate Abilities, Weirdness & Mutations

Your demonic aura often causes spilled blood to erupt in flames.
You are partially covered in sharp spines.
You have a tail ending in a sharp stinger.
Your touch may inflict minor irresistible damage on your foes.
You have supernaturally acute eyesight. (SInv)
You are covered in fur. (AC +1)
Your spells are a little easier to cast, but a little less powerful.


Message History

Your tail-slap misses the water moccasin.
The water moccasin is engulfed in blazing flames.
The water moccasin bites you but does no damage.
The water moccasin is engulfed in blazing flames.
The water moccasin is struck by your spines.
The water moccasin bites you but does no damage.
The manticore bites you!
The manticore claws you but does no damage. x2
The water moccasin is engulfed in blazing flames.
You kill the water moccasin!
Trog accepts your kill.
Your Evocations skill increases to level 2!
You hit the manticore but do no damage. The manticore bites you!
The manticore claws you. The manticore barely misses you.
You hit the manticore.
You touch the manticore!
You punch the manticore, but do no damage.
The manticore is moderately wounded.
The manticore is struck by your spines. The manticore barely misses you.
The manticore claws you. x2; The manticore is struck by your spines.
The manticore bites you!!
* * * LOW HITPOINT WARNING * * *
The manticore closely misses you. The manticore claws you!
* * * LOW HITPOINT WARNING * * *
Okay, then.
You feel better. The manticore barely misses you.
The manticore claws you but does no damage. x2
Unknown command.
Your skin crawls.
You feel strong-willed. The manticore bites you!
* * * LOW HITPOINT WARNING * * *
The manticore claws you.
* * * LOW HITPOINT WARNING * * *
The manticore claws you but does no damage.
You feel better. The manticore completely misses you. The manticore claws you.
* * * LOW HITPOINT WARNING * * *
The manticore claws you but does no damage.
You feel better. The manticore is struck by your spines.
The manticore bites you!
You die...

#. #.### #.#.. #
#.#.###########
#.##.......!......
#.#...........#####..
###.)..........†H......
.........###..#@###### .#
###..........#.#.. ..
.........####.#.#.# #.#
#####.......#.#.#.# #.#
#..........#.#.# #.#
#................## #.# ..#
.!...©......##....####.#####.#
#.#########..................>#
#.#8P$©$P8#...#.######..#......


You could see a manticore.

Vanquished Creatures
  Grinder (D:5)
  Prince Ribbit (D:6)
  Sigmund (D:3)
  3 water moccasins
  3 ice beasts
  An orc warrior (D:7)
  A sky beast (D:6)
  2 ogres
  3 phantoms
  A bullfrog (D:6)
  Blork the orc (D:4)
  A scorpion (D:5)
  A bombardier beetle (D:5)
  A gnoll bouda (D:5)
  2 orc priests
  A sleepcap (D:4)
  2 iguanas
  4 orc wizards
  13 gnolls
  2 adders
  A shadow imp (D:5)
  A white imp (D:5)
  2 dart slugs
  3 ribbon worms
  26 orcs
  8 endoplasms
  2 giant cockroaches
  8 goblins
  7 hobgoblins
  9 kobolds
  A quokka (D:1)
  6 ball pythons
  5 bats
  4 frilled lizards
  2 rats
130 creatures vanquished.

Notes
Turn   | Place    | Note
-------+----------+-------------------------------------------
     0 | D:1      | ezpacito the Demonspawn Berserker began the quest for the
                  | Orb.
     0 | D:1      | Reached XP level 1. HP: 18/18 MP: 1/1
   189 | D:1      | Gained mutation: Your demonic aura sometimes causes spilled
                  | blood to erupt in flames. [demonic ancestry]
   189 | D:1      | Reached XP level 2. HP: 23/24 MP: 2/2
   436 | D:1      | Found Vaymef's Jewellery Boutique.
   522 | D:1      | Found Puin's Armour Emporium.
   861 | D:2      | Discovered your monstrous ancestry.
   861 | D:2      | Gained mutation: You have a small tail. [demonic ancestry]
   861 | D:2      | Reached XP level 3. HP: 28/29 MP: 3/3
   992 | D:2      | Reached ** piety under Trog
  1165 | D:2      | Reached skill level 1 in Unarmed Combat
  1498 | D:3      | Gained mutation: Your touch may inflict minor irresistible
                  | damage on your foes. [demonic ancestry]
  1498 | D:3      | Reached XP level 4. HP: 35/35 MP: 4/4
  1586 | D:3      | Reached skill level 1 in Stealth
  1659 | D:3      | Reached skill level 1 in Short Blades
  1947 | D:3      | Identified the +1 war axe of Guile {flame, rF+ Stlth+}
  2003 | D:3      | Found Maun's Armour Shop.
  2009 | D:3      | Noticed Sigmund
  2016 | D:3      | Gained mutation: Your demonic aura often causes spilled
                  | blood to erupt in flames. [demonic ancestry]
  2016 | D:3      | Reached XP level 5. HP: 25/41 MP: 5/5
  2021 | D:3      | Gained mutation: Your spells are a little easier to cast,
                  | but a little less powerful. [potion of mutation]
  2021 | D:3      | Gained mutation: You have supernaturally acute eyesight.
                  | (SInv) [potion of mutation]
  2021 | D:3      | Gained mutation: You are covered in fur. (AC +1) [potion of
                  | mutation]
  2034 | D:3      | Killed Sigmund
  2035 | D:3      | Gained mutation: You are partially covered in sharp spines.
                  | [demonic ancestry]
  2035 | D:3      | Reached XP level 6. HP: 14/48 MP: 6/6
  2319 | D:4      | Found a radiant altar of Vehumet.
  2320 | D:4      | Reached *** piety under Trog
  2401 | D:4      | Noticed Blork the orc
  2404 | D:4      | Killed Blork the orc
  2551 | D:4      | Identified the +0 ring mail "Riefitza" {-Cast rC++}
  2635 | D:4      | Found a staircase to the Ecumenical Temple.
  2644 | D:4      | Gained mutation: You have a tail ending in a sharp stinger.
                  | [demonic ancestry]
  2644 | D:4      | Reached XP level 7. HP: 54/55 MP: 7/7
  2654 | Temple   | Entered the Ecumenical Temple
  2708 | D:5      | Entered Level 5 of the Dungeon
  2869 | D:5      | Noticed Grinder
  2884 | D:5      | Killed Grinder
  2906 | D:5      | Found a shadowy altar of Dithmenos.
  2963 | D:5      | Reached XP level 8. HP: 51/61 MP: 8/8
  3037 | D:5      | Reached skill level 5 in Fighting
  3661 | D:6      | Reached skill level 5 in Short Blades
  3951 | D:6      | Noticed Prince Ribbit
  3958 | D:6      | Killed Prince Ribbit
  3959 | D:6      | Reached skill level 1 in Evocations
  4149 | D:6      | Reached **** piety under Trog
  4281 | D:6      | Reached XP level 9. HP: 69/69 MP: 9/9
  4574 | D:7      | Noticed a kobold demonologist
  4577 | D:7      | Found a transporter.
  4591 | D:7      | Noticed a manticore
  4599 | D:7      | HP: 3/69 [manticore (2)]
  4601 | D:7      | Slain by a manticore

Illustrated notes

Levels and vault maps discovered:
D:1:      psy_arrival_spokes, layout_loops_ring, serial_shops, shop, shop,
          corexii_corridor_pit
D:2:      layout_basic
D:3:      layout_basic, serial_shops, shop_statue, hangedman_decor_growths,
          guppyfry_early_lair_pool, uniq_sigmund
D:4:      layout_gridville, fiery_altar_vehumet, minmay_temple_entry_junction,
          grunt_ministairs_3, uniq_blork_the_orc
D:5:      layout_basic, mainiacjoe_overflow_cross_hatched, uniq_grinder
D:6:      layout_basic, grunt_decor_junction, uniq_prince_ribbit1
D:7:      gammafunk_wand_slinger, layout_basic, grunt_temple_overflow_diamond
Temple:   nicolae_temple_bog_church

Skill      XL: |  1  2  3  4  5  6  7  8  9 |
---------------+----------------------------+-----
Armour         | 2 3 4 |  4.7
Dodging        | 2 3 4 |  4.9
Axes           | 3 4 |  4.3
Unarmed Combat | 1 2 3 4 |  4.2
Stealth        | 1 2 3 |  3.3
Short Blades   | 1 2 4 5 |  5.9
Fighting       | 4 5 |  5.9
Evocations     | 1 2 |  2.0
Shapeshifting  | |  0.9

Action                     |  1- 3 |  4- 6 |  7- 9 || total
---------------------------+-------+-------+-------++-------
  Melee: Hand axe          |    45 |       |       ||    45
         War axe           |    74 |    56 |    89 ||   219
         Tailslap          |     7 |     7 |     9 ||    23
         Touch             |       |    14 |    20 ||    34
         Punch             |       |     3 |     3 ||     6
 Invoke: Trog's Hand       |       |       |     2 ||     2
    Use: Potion            |       |     7 |     3 ||    10
         Scroll            |       |     5 |     1 ||     6
   Stab: Sleeping          |     1 |       |       ||     1
 Armour: Animal skin       |    51 |       |       ||    51
         Scale mail        |    21 |    55 |       ||    76
         Ring mail         |       |     6 |    71 ||    77
  Dodge: Dodged            |    84 |    30 |    44 ||   158
